 Dungeon Crawl Stone Soup version 0.22-a0-283-g1871b15 (webtiles) character file.

1864 b5mith the Skirmisher (level 8, 0/73 HPs)
             Began as a Minotaur Berserker on Mar 18, 2018.
             Was a Priest of Trog.
             Killed from afar by Dowan (14 damage)
             ... with a shard of ice
             ... on level 7 of the Dungeon.
             The game lasted 00:13:30 (5529 turns).

b5mith the Skirmisher (Minotaur Berserker)          Turns: 5529, Time: 00:13:32

Health: 0/73       AC: 19    Str: 24    XL:     8   Next: 90%
Magic:  7/7        EV: 10    Int:  4    God:    Trog [***...]
Gold:   323        SH:  0    Dex: 10    Spells: 7/7 levels left

rFire    . . .     SeeInvis +   z - +1 morningstar (protect)
rCold    . . .     Gourm    .   (no shield)
rNeg     . . .     Faith    .   n - +0 chain mail
rPois    .         Spirit   .   (helmet restricted)
rElec    .         Reflect  .   H - +1 cloak
rCorr    .         Harm     .   (no gloves)
MR       .....                  (no boots)
Stlth    ..........             e - amulet of rage
HPRegen  0.22/turn              o - ring of see invisible
MPRegen  0.10/turn              B - ring of stealth

@: protection aura, berserk cooldown, slowed, very slow
A: retaliatory headbutt, horns 2
a: Berserk, Trog's Hand, Renounce Religion, Evoke Berserk Rage


You were on level 7 of the Dungeon.
You worshipped Trog.
Trog was most pleased with you.
You were hungry.

You visited 1 branch of the dungeon, and saw 7 of its levels.

You collected 323 gold pieces.

Inventory:

Hand Weapons
 a - a +0 falchion
 t - a +2 mace of crushing
 z - a +1 morningstar of protection (weapon)
 E - a +3 long sword
Armour
 b - a +0 animal skin
 n - a +0 chain mail (worn)
 y - a +0 cloak
 H - a +1 cloak (worn)
Jewellery
 e - an amulet of rage (around neck)
 j - an uncursed ring of flight
 o - a ring of see invisible (left hand)
 r - an uncursed ring of magical power
 B - a ring of stealth (right hand)
Wands
 u - a wand of paralysis (5)
 A - a wand of disintegration (6)
 F - a wand of random effects (31)
Scrolls
 f - 4 scrolls of magic mapping {unknown}
 h - 4 scrolls of teleportation {unknown}
 i - a scroll of blinking {unknown}
 l - 6 scrolls of identify {unknown}
 m - a scroll of fear {unknown}
 s - 7 scrolls of remove curse {@r2}
 w - 2 scrolls of enchant armour {unknown}
 x - 3 scrolls of amnesia {unknown}
 G - a scroll of enchant weapon {unknown}
Potions
 d - a potion of heal wounds
 g - 2 potions of agility {unknown}
 k - 2 potions of berserk rage {unknown}
 p - a potion of brilliance {unknown}
 q - 2 potions of curing {@q1}
 v - 2 potions of haste {unknown}
 C - a potion of ambrosia {unknown}
Comestibles
 c - 14 rations


   Skills:
 + Level 7.3 Fighting
 - Level 5.2 Long Blades
 * Level 7.1 Maces & Flails
 + Level 6.8 Armour
 + Level 6.2 Dodging


You had 7 spell levels left.
You didn't know any spells.

Dungeon Overview and Level Annotations

Branches:
Dungeon (7/15)             Temple (0/1) D:5

Altars:
Nemelex Xobeh

Annotations:
D:7 Dowan


Innate Abilities, Weirdness & Mutations

You reflexively headbutt those who attack you in melee.
You have a pair of horns on your head.


Message History

* * * LOW HITPOINT WARNING * * *
Dowan says, "How can I live without her?"
The orc priest invokes the aid of Beogh against you.
Pain shoots through your body!
* * * LOW HITPOINT WARNING * * *
The orc priest hits you but does no damage.
Dowan mumbles some strange words.
Dowan blinks!
Found a stone staircase leading up.
You bludgeon the orc priest!!
Your weapon exudes an aura of protection.
You kill the orc priest!
Trog accepts your kill.
Dowan points at you and mumbles some strange words.
The shard of ice hits you!
* * * LOW HITPOINT WARNING * * *
Dowan breathes, "And she was my only..."
Dowan gestures at you while chanting. The shard of ice hits you!
You die...

###
#.###########
#...........#
#.#########.#
#)# #...#
#########?#
#.###
..........#
#.#
....e..@..#
#.#
.....(..).#
#.#
..........#
#.#
.........##
#.#
##+#...#..
#.# #.#.#.##
#.# #.#.#.#
#.# #.#<#.#
#.# #<#


You could see Dowan.

Vanquished Creatures
  Grinder (D:3)
  Sigmund (D:6)
  Duvessa (D:7)
  A water moccasin (D:4)
  A black bear (D:7)
  2 ice beasts
  A phantom (D:4)
  An ogre (D:5)
  A centaur (D:5)
  3 killer bees (D:7)
  The ghost of Stello111 the Slasher, a weakling MiMo (D:3)
  A crimson imp (D:7)
  Crazy Yiuf (D:3)
  2 centaur skeletons
  A hound (D:5)
  An orc priest (D:7)
  A bullfrog skeleton (D:5)
  Ijyb (D:3)
  Jessica (D:3)
  An iguana (D:4)
  An orc wizard (D:4)
  3 hound skeletons
  A worker ant zombie (D:6)
  7 gnolls
  7 adders
  A shadow imp (D:7)
  An ooze (D:1)
  3 worms
  3 dart slugs
  2 leopard geckos
  11 orcs
  A ball python (D:2)
  9 bats
  5 giant cockroaches
  9 goblins
  9 hobgoblins
  A jackal (D:1)
  4 quokkas
  5 frilled lizards
  A jackal skeleton (D:4)
  4 kobolds
  12 rats
124 creatures vanquished.

Notes
Turn   | Place    | Note
-------+----------+-------------------------------------------
     0 | D:1      | b5mith the Minotaur Berserker began the quest for the Orb.
     0 | D:1      | Reached XP level 1. HP: 19/19 MP: 0/0
   182 | D:1      | Reached XP level 2. HP: 27/27 MP: 1/1
   629 | D:1      | Reached XP level 3. HP: 28/33 MP: 2/2
   759 | D:2      | Reached ** piety under Trog
  1915 | D:2      | Reached XP level 4. HP: 39/41 MP: 3/3
  2213 | D:3      | Noticed Stello111's ghost (weakling MiMo)
  2222 | D:3      | Killed Stello111's ghost
  2222 | D:3      | Reached XP level 5. HP: 47/47 MP: 4/4
  2388 | D:3      | Found a runed door.
  2424 | D:3      | Noticed Grinder
  2472 | D:3      | Paralysed by Grinder for 5 turns
  2479 | D:3      | Paralysed by Grinder for 2 turns
  2481 | D:3      | Killed Grinder
  2481 | D:3      | Reached skill level 5 in Fighting
  2481 | D:3      | Reached skill level 5 in Long Blades
  2481 | D:3      | Reached XP level 6. HP: 31/56 MP: 5/5
  2660 | D:3      | Noticed Ijyb
  2662 | D:3      | Paralysed by Ijyb for 5 turns
  2673 | D:3      | Killed Ijyb
  2833 | D:3      | Noticed Jessica
  2838 | D:3      | Killed Jessica
  2838 | D:3      | Reached skill level 1 in Maces & Flails
  3048 | D:3      | Noticed Crazy Yiuf
  3051 | D:3      | Killed Crazy Yiuf
  3122 | D:4      | Reached *** piety under Trog
  3255 | D:4      | Reached XP level 7. HP: 50/61 MP: 6/6
  3323 | D:4      | Reached skill level 5 in Armour
  3843 | D:4      | Reached skill level 5 in Dodging
  3994 | D:4      | Found a sparkling altar of Nemelex Xobeh.
  4068 | D:5      | Entered Level 5 of the Dungeon
  4122 | D:5      | Found a staircase to the Ecumenical Temple.
  4295 | D:5      | Reached XP level 8. HP: 52/71 MP: 7/7
  4459 | D:5      | Reached skill level 5 in Maces & Flails
  5177 | D:6      | Noticed Sigmund
  5190 | D:6      | Killed Sigmund
  5486 | D:7      | Noticed Duvessa
  5494 | D:7      | Noticed Dowan
  5510 | D:7      | Killed Duvessa
  5529 | D:7      | Killed from afar by Dowan

Vault maps used:
D:1:      lemuel_arrival_room, minmay_box_of_dots
D:3:      first_ration, nicolae_underground_beach, uniq_grinder, uniq_jessica,
          uniq_ijyb, uniq_crazy_yiuf_cottage
D:4:      kennysheep_decorative_pillar, nemelex_diamond_rough_becter
D:5:      temple_pool_b, nrook_loot_triangle
D:6:      uniq_sigmund
D:7:      grunt_livestock, uniq_duvessa

Skill      XL: |  1  2  3  4  5  6  7  8 |
---------------+-------------------------+-----
Fighting       | 4 5 6 7 |  7.3
Long Blades    | 4 5 |  5.2
Armour         | 3 4 5 6 |  6.8
Dodging        | 3 4 5 6 |  6.2
Maces & Flails | 2 4 7 |  7.1

Action                   |  1- 3 |  4- 6 |  7- 9 || total
-------------------------+-------+-------+-------++-------
Melee: Falchion          |    98 |    30 |       ||   128
       Headbutt          |    11 |    14 |    18 ||    43
       Mace              |       |    55 |       ||    55
       Morningstar       |       |    20 |   138 ||   158
Invok: Berserk           |     1 |     1 |     4 ||     6
  Use: Scroll            |       |     1 |       ||     1
       Potion            |       |       |     3 ||     3
 Stab: Sleeping          |       |     1 |       ||     1
  Eat: Chunk             |     4 |     6 |     7 ||    17
       Ration            |       |       |     1 ||     1
Armor: Animal skin       |    19 |     3 |       ||    22
       Chain mail        |       |    38 |   108 ||   146
Dodge: Dodged            |    76 |    53 |    85 ||   214
Block: Shield            |       |       |     6 ||     6
       Rpst.: Falchion   |    19 |     1 |       ||    20

Table legend:
 A = Spawn XP
 B = Non-spawn XP
 C = Spawn XP percentage of total XP
 D = Spawn monster count
 E = Non-spawn monster count
 F = Spawn count percentage of total count
 G = Total turns spent on level
                    A         B        C        D         E        F      G
               +---------+---------+-------+---------+---------+-------+---------
         Total |       0 |    2663 |   0.0 |       0 |     124 |   0.0 |  5529
               +---------+---------+-------+---------+---------+-------+---------
           D:1 |       0 |      42 |   0.0 |       0 |      23 |   0.0 |   702
           D:2 |       0 |      96 |   0.0 |       0 |      31 |   0.0 |  1508
           D:3 |       0 |     499 |   0.0 |       0 |      17 |   0.0 |   880
           D:4 |       0 |     560 |   0.0 |       0 |      28 |   0.0 |   978
           D:5 |       0 |     487 |   0.0 |       0 |      10 |   0.0 |   996
           D:6 |       0 |     413 |   0.0 |       0 |       7 |   0.0 |   401
           D:7 |       0 |     566 |   0.0 |       0 |       8 |   0.0 |    64
               +---------+---------+-------+---------+---------+-------+---------
